Map: Mech Depot LE

Players

Zode

  • Race: Zerg Zerg
  • League: Master
  • Spawn Location: 1:00

FireZerg - Winner!

  • Race: Zerg Zerg
  • Spawn Location: 7:00

Event: HopeTL

VOD

https://www.youtube.com/watch?v=fIOJgj8wW98&list=PL9QsjkBYtQM7NVZEDVfaNugqO61aBOlm6

Description

Time

  • Played on: Sept. 20, 2017, 7:15 p.m.
  • Length: 3:45
Show
View Real Time Build Order
Export as new Build Order

Zode Zerg 

Build Orders: Pool First 

Get SALT Encoding   

  12  0:18  Spawning Pool  
  11  0:22  Drone  
  11  0:27  Drone  
  13  0:32  Drone  
  14  0:40  Overlord  
  14  1:05  Zergling x2  
  14  1:06  Zergling x4  
  17  1:17  Zergling x2  
  18  1:21  Queen  
  20  1:28  Zergling x2  
  21  1:36  Hatchery  
  20  1:47  Drone  
  20  1:49  Overlord  
  21  2:10  Zergling x4, Spine Crawler  
  22  2:22  Queen  
  22  2:24  Spine Crawler  
  20  2:38  Zergling x6  
  20  2:39  Zergling x2  
Show
View Real Time Build Order
Export as new Build Order

FireZerg Zerg - Winner!

Build Orders: Pool First 

Get SALT Encoding   

  12  0:01  Drone  
  13  0:12  Extractor  
  12  0:24  Spawning Pool  
  12  0:28  Drone  
  12  0:33  Drone  
  13  0:39  Drone  
  14  0:50  Overlord  
  14  1:11  Zergling x4, Metabolic Boost  
  16  1:14  Zergling x2  
  17  1:24  Zergling x2  
  18  1:32  Queen  
  20  1:36  Zergling x2  
  21  1:44  Zergling x2  
  22  1:54  Baneling Nest  
  21  1:55  Zergling x2  
  22  2:03  Extractor  
  22  2:05  Zergling x2  
  23  2:18  Overlord  
  23  2:37  Zergling x2  
  23  2:41  Zergling x8  
  28  2:50  Baneling  
  28  2:51  Baneling  
  27  2:52  Baneling x2  
  27  3:11  Drone x2  
  29  3:15  Hatchery  
Tags
 
Add a new tag
Caveats
  • Supply blocks, unpowered buildings, or Contaminate may cause inaccurate times.
  • Supply counts are checked every 10 seconds.